 Dungeon Crawl Stone Soup version 0.31.0-11-ge490571c62 (webtiles) character file.

Game seed: 12160620647299057227

130 qw the Skirmisher (level 4, -1/25 HPs)
             Began as a Deep Elf Hunter on Feb 4, 2024.
             Was an Initiate of Okawaru.
             Slain by an orc wizard
             ... wielding a +0 dagger
              (3 damage)
             ... on level 3 of the Dungeon.
             The game lasted 00:01:33 (1632 turns).

qw the Skirmisher (Deep Elf Hunter)                 Turns: 1632, Time: 00:01:34

Health: -1/25      AC:  7    Str: 10    XL:     4   Next: 90%
Magic:  6/6        EV: 11    Int: 14    God:    Okawaru [......]
Gold:   115        SH:  5    Dex: 21    Spells: 3/3 levels left

rFire   . . .        a - +0 shortbow
rCold   + . .        (shield currently unavailable)
rNeg    . . .        h - +0 ring mail
rPois   .            g - +1 helmet
rElec   .            (no cloak)
rCorr   .            (no gloves)
SInv    .            (no boots)
Will    .....        e - amulet of Kighimou {Reflect Dex+3 Slay+2 SH+5}
Stlth   +            j - ring of protection from cold
HPRegen 0.24/turn    (no ring)
MPRegen 0.10/turn

%: reflection
@: no status effects
A: no striking features
a: Renounce Religion


You were on level 3 of the Dungeon.
You worshipped Okawaru.
Okawaru was noncommittal.
You visited 1 branch of the dungeon, and saw 3 of its levels.

You collected 115 gold pieces.


   Skills:
 - Level 1.5 Fighting
 + Level 8.3 Ranged Weapons
 - Level 2.4 Dodging
 - Level 1.2 Stealth


You had 3 spell levels left.
You didn't know any spells.
Your spell library was empty.

Inventory:

Hand Weapons
 a - a +0 shortbow (weapon)
Armour
 g - a +1 helmet (worn)
 h - a +0 ring mail (worn)
Jewellery
 e - the amulet of Kighimou (around neck) {Reflect Dex+3 Slay+2 SH+5}
   (You acquired it on level 3 of the Dungeon)

   [amulet of reflection]

   Reflect:   It reflects blocked missile attacks.
   Dex+3:     It affects your dexterity (+3).
   Slay+2:    It affects your accuracy & damage with ranged weapons and melee
   (+2).
   SH+5:      It affects your SH (+5).
 j - a ring of protection from cold (left hand)
Potions
 b - a potion of enlightenment {unknown}
 c - a potion of ambrosia {unknown}
 d - a potion of haste {unknown}
 f - a potion of invisibility {unknown}
 i - a potion of curing {unknown}
 n - a potion of might {unknown}

Dungeon Overview and Level Annotations

Branches:
Dungeon (3/15)

Altars:
Hepliaklqana
Nemelex Xobeh
Okawaru
Uskayaw
Zin


Message History

Okawaru accepts your kill. The orc wizard casts a spell at you.
You resist with some effort. Something hits you.
You shoot an arrow. The arrow closely misses the orc.
You block the dart slug's attack. The orc wizard misses you.
The orc hits you but does no damage. Something completely misses you.
You shoot an arrow. The arrow closely misses the orc.
Something hits you but does no damage.
The orc wizard hits you with a +0 dagger.
The orc barely misses you. The dart slug closely misses you.
You shoot an arrow. The arrow hits the orc!
You kill the orc!
Okawaru accepts your kill. Something hits you but does no damage.
The orc wizard hits you with a +0 dagger.
The dart slug bites you but does no damage.
You shoot an arrow. The arrow barely misses the orc wizard.
The orc wizard casts a spell.
The orc wizard flickers and vanishes!
You block something's attack. Something hits you.
Something hits you but does no damage.
You shoot an arrow. The arrow hits the dart slug.
The dart slug is lightly wounded.
The dart slug launches a dart at you.
The slug dart hits you but does no damage.
Something hits you but does no damage. Something hits you.
You shoot an arrow.
The arrow completely misses the dart slug.
The dart slug bites you. Something hits you. You block something's attack.
You shoot an arrow. The arrow hits the dart slug.
The dart slug is heavily wounded.
Something hits you but does no damage. x2
The dart slug launches a dart at you. The slug dart misses you.
You shoot an arrow. The arrow hits the dart slug!
You kill the dart slug!
Okawaru accepts your kill.
Something hits you but does no damage. x2
You shoot an arrow. Something hits you but does no damage. Something hits you.
You die...

+........... .. ....
.##.........## ...#...
.##...........
...#)..###..#...#####..#
.......................+
##...................#.#
#............#.......#.#
#......){....#.......#+#
......{@##..............
.....).......)..........
........................
...........%............
........................
.............###+#......
.............# #.'......
.....(.......# ###......
.#..........# #...#.#


There were no monsters in sight!

Vanquished Creatures
  4 gnolls (D:2)
  2 adders
  A dart slug (D:3)
  7 orcs (D:3)
  3 bats
  3 endoplasms
  7 giant cockroaches
  9 goblins
  2 hobgoblins
  3 jackals (D:3)
  8 kobolds
  3 quokkas
  2 ball pythons
  2 frilled lizards
  3 rats (D:3)
59 creatures vanquished.

Notes
Turn   | Place    | Note
-------+----------+-------------------------------------------
     0 | D:1      | qw the Deep Elf Hunter began the quest for the Orb.
     0 | D:1      | Reached XP level 1. HP: 12/12 MP: 3/3
     0 | D:1      | 0 ||| qw: Version: 0.3-a-160-g6735b56
     0 | D:1      | 0 ||| qw: Game counter: 5991
     0 | D:1      | 0 ||| qw: Melee chars always use a shield: true
     0 | D:1      | 0 ||| qw: God list: Okawaru
     0 | D:1      | 0 ||| qw: Allow faded altars: false
     0 | D:1      | 0 ||| qw: Do Orc after clearing Dungeon:15 true
     0 | D:1      | 0 ||| qw: Do second Lair branch before Depths: true
     0 | D:1      | 0 ||| qw: Lair rune preference: random
     0 | D:1      | 0 ||| qw: Goals: Normal
     0 | D:1      | 0 ||| PLANNING D:1-11
   145 | D:1      | Found a faded altar of an unknown god.
   204 | D:1      | Reached XP level 2. HP: 16/16 MP: 4/4
   220 | D:1      | Reached skill level 6 in Ranged Weapons
   394 | D:1      | 394 ||| UPGRADING to +0 helmet.
   399 | D:1      | 399 ||| UPGRADING to +0 ring mail.
   409 | D:1      | 409 ||| DROPPING +0 leather armour.
   410 | D:1      | 410 ||| UPGRADING to ring of protection from cold.
   411 | D:1      | 411 ||| READING 3 scrolls labelled BIUSTO PARAIF.
   411 | D:1      | 411 ||| IDENTIFYING brown potion
   412 | D:1      | 412 ||| READING 2 scrolls of identify.
   412 | D:1      | 412 ||| IDENTIFYING fuming amethyst potion
   413 | D:1      | 413 ||| READING scroll of identify.
   413 | D:1      | 413 ||| IDENTIFYING scroll labelled ROEDUN NONIARGH
   414 | D:1      | 414 ||| DROPPING scroll of butterflies.
   415 | D:1      | 415 ||| DROPPING potion of lignification.
   416 | D:1      | 416 ||| DROPPING scroll of immolation.
   527 | D:2      | Reached XP level 3. HP: 20/20 MP: 5/5
   865 | D:2      | Reached skill level 7 in Ranged Weapons
   901 | D:2      | 901 ||| RETREEEEATING.
   902 | D:2      | 902 ||| RETREEEEATING.
   903 | D:2      | 903 ||| RETREEEEATING.
   904 | D:2      | 904 ||| RETREEEEATING.
   905 | D:2      | 905 ||| RETREEEEATING.
   906 | D:2      | 906 ||| RETREEEEATING.
   908 | D:2      | 908 ||| RETREEEEATING.
   912 | D:2      | HP: 5/20 [gnoll/+0 spear (5)]
   913 | D:2      | 913 ||| DRINKING 2 potions of heal wounds.
   917 | D:2      | Reached XP level 4. HP: 9/25 MP: 6/6
   920 | D:2      | HP: 5/25 [gnoll/+0 spear (4)]
   921 | D:2      | 921 ||| DRINKING potion of heal wounds.
  1086 | D:2      | 1086 ||| READING scroll of identify.
  1086 | D:2      | 1086 ||| IDENTIFYING glowing cyan potion
  1087 | D:2      | 1087 ||| READING 2 scrolls labelled NARODI QUZE.
  1088 | D:2      | 1088 ||| READING scroll labelled TEAZXE ISUNO.
  1189 | D:2      | 1189 ||| READING scroll labelled ORRUIDD SAOKH.
  1189 | D:2      | 1189 ||| ENCHANTING +0 helmet.
  1190 | D:2      | 1190 ||| READING scroll labelled YFRAME SADAF.
  1191 | D:2      | 1191 ||| READING scroll labelled LOXIOB MENAU.
  1194 | D:2      | 1194 ||| DROPPING potion of attraction.
  1195 | D:2      | 1195 ||| DROPPING scroll of blinking.
  1293 | D:3      | Found a glowing silver altar of Zin.
  1440 | D:3      | Found an iron altar of Okawaru.
  1441 | D:3      | 1441 ||| PLANNING OKAWARU WORSHIP
  1441 | D:3      | 1441 ||| READING scroll labelled MOPROAF DUKILL.
  1441 | D:3      | Identified a scroll of acquirement
  1441 | D:3      | 1441 ||| ACQUIRING amulet of Kighimou {Reflect Dex+3 Slay+2
                  | SH+5}
  1441 | D:3      | Acquired the amulet of Kighimou {Reflect Dex+3 Slay+2 SH+5}
  1443 | D:3      | 1443 ||| UPGRADING to amulet of Kighimou {Reflect Dex+3
                  | Slay+2 SH+5}.
  1448 | D:3      | Found a hazy altar of Hepliaklqana.
  1454 | D:3      | Found a sparkling altar of Nemelex Xobeh.
  1456 | D:3      | Became a worshipper of Warmaster Okawaru
  1457 | D:3      | 1457 ||| PLANNING D:1-11
  1458 | D:3      | Found a hide-covered altar of Uskayaw.
  1505 | D:3      | Reached skill level 8 in Ranged Weapons
  1626 | D:3      | HP: 6/25 [orc wizard/+0 dagger (2)]
  1629 | D:3      | HP: 2/25 [dart slug (1)]
  1632 | D:3      | Slain by an orc wizard

Levels and vault maps discovered:
D:1:      dpeg_arrival_leaves_temple_mockup, layout_rooms,
          hellmonk_ecumenical_altar_heavens_door
D:2:      layout_loops_cross
D:3:      layout_basic, pdpol_temple_overflow_zin_treasury_gozag_greed,
          nicolae_overflow_macrodata_refinement

Skill      XL: |  1  2  3  4 |
---------------+-------------+-----
Ranged Weapons | 6 7 8 |  8.3
Fighting       | |  1.5
Dodging        | |  2.4
Stealth        | |  1.2

Action                     |  1- 3 |  4- 6 || total
---------------------------+-------+-------++-------
   Fire: Shortbow          |    98 |    67 ||   165
    Use: Scroll            |     3 |     7 ||    10
         Potion            |     1 |     1 ||     2
 Armour: Leather armour    |     2 |       ||     2
         Ring mail         |    25 |    33 ||    58
  Dodge: Dodged            |    18 |    23 ||    41
  Block: Other             |       |     5 ||     5

Table legend:
 A = Non-vault XP
 B = Vault XP
 C = Vault XP percentage of total XP
 D = Non-vault monster count
 E = Vault monster count
 F = Vault count percentage of total count
                 A         B        C        D         E       F
            +---------+---------+-------+---------+---------+-------
      Total |     187 |       0 |   0.0 |      59 |       0 |   0.0
            +---------+---------+-------+---------+---------+-------
        D:1 |      18 |       0 |   0.0 |      10 |       0 |   0.0
        D:2 |     107 |       0 |   0.0 |      26 |       0 |   0.0
        D:3 |      62 |       0 |   0.0 |      23 |       0 |   0.0
            +---------+---------+-------+---------+---------+-------
